Construct Light Support Kompanie
Selects L6/40 Light Tank Combat Group
Pak 38 Anti-tank Gun Team
Selects Defensive Operations
Selects Prepared Positions
Construct Mechanized Kompanie
Selects Towed Cannone da 105/28 Field Howitzer
Selects Towed Cannone da 105/28 Field Howitzer
Towed Cannone da 105/28 Field Howitzer
Construct Panzerarmee Kommand
Walking Stuka Rocket Launcher
Selects Obice 305mm Barrage
Flak 36 Anti-tank Gun Team